 Dungeon Crawl Stone Soup version 0.31.0-12-g77e489cdc1 (webtiles) character file.

Game seed: 14411245066486546881

30 Gadfly the Covered (level 3, 0/23 HPs)
             Began as a Gargoyle Fighter on Mar 4, 2024.
             Slain by Sigmund
             ... wielding a +3 vampiric scythe
              (6 damage)
             ... on level 2 of the Dungeon.
             The game lasted 00:01:27 (526 turns).

Gadfly the Covered (Gargoyle Fighter)                Turns: 526, Time: 00:01:28

Health: 0/23       AC: 10    Str: 19    XL:     3   Next: 20%
Magic:  3/3        EV:  8    Int:  8    God:
Gold:   60         SH:  8    Dex: 11    Spells: 2/2 levels left

rFire   + . .        a - +0 flail
rCold   . . .        f - +0 kite shield
rNeg    + . .        b - +0 scale mail
rPois   ∞            (no helmet)
rElec   +            (no cloak)
rCorr   .            (no gloves)
SInv    .            (no boots)
Will    .....        (no amulet) Stlth
                     g - ring of protection from fire
HPRegen 0.23/turn    (no ring)
MPRegen 0.08/turn

%: no passive effects
@: no status effects
A: sickness immunity, AC +3, negative energy resistance 1, electricity
resistance, torment resistance 1, petrification resistance
a: no special abilities


You were on level 2 of the Dungeon.
You visited 1 branch of the dungeon, and saw 2 of its levels.

You collected 60 gold pieces.

Inventory:

Hand Weapons
 a - a +0 flail (weapon)
Armour
 b - a +0 scale mail (worn)
 f - a +0 kite shield (worn)
Jewellery
 g - a ring of protection from fire (left hand)
Potions
 d - a potion of might
 e - a potion of heal wounds
 h - a potion of lignification {unknown}


   Skills:
 + Level 3.5 Fighting
 * Level 2.3 Maces & Flails
 + Level 3.5 Armour
 + Level 3.4 Shields
 * Level 1.1 Invocations
 * Level 1.0 Evocations


You had 2 spell levels left.
You didn't know any spells.
Your spell library contained the following spells:

 Spells                   Type           Power      Damage    Failure   Level
 Frozen Ramparts          Ice            0%         1d1       100%        3
 Leda's Liquefaction      Alch/Erth      0%         N/A       100%        4
 Petrify                  Alch/Erth      0%         N/A       100%        4
 Metabolic Englaciation   Hex/Ice        0%         N/A       100%        5


Dungeon Overview and Level Annotations

Branches:
Dungeon (2/15)

Altars:

Annotations:
D:2 Sigmund


Innate Abilities, Weirdness & Mutations

You are immune to sickness and miasma.
Your stone body is resilient. (AC +3)
You are immune to poison.
You resist negative energy. (rN+)
You are resistant to electric shocks. (rElec)
You are resistant to unholy torment.
You are immune to petrification.


Message History

You are too confused!
You are too confused!
You are too confused!
You are too confused!
Unknown command.
A frilled lizard comes into view.
The frilled lizard hisses angrily.
The frilled lizard moves out of view.
Sigmund points at you and mumbles some strange words.
You are more confused.
You bump into the rock wall.
You're too confused to move!
The frilled lizard bites you but does no damage.
Sigmund points at you and mumbles some strange words.
You are more confused.
The frilled lizard barely misses you.
The frilled lizard bites you but does no damage.
The frilled lizard attacks as it pursues you!
The frilled lizard bites you but does no damage.
Sigmund laughs darkly.
Sigmund barely misses you.
You're too confused to move!
The frilled lizard bites you but does no damage.
The frilled lizard bites you.
The frilled lizard bites you but does no damage.
Sigmund points at you and mumbles some strange words.
The puff of flame hits you. You resist.
You bump into the rock wall.
The frilled lizard closely misses you.
Sigmund casts a spell.
Sigmund flickers and vanishes!
Deactivating autopickup; reactivate with Ctrl-A.
You bump into the rock wall.
The frilled lizard bites you but does no damage.
Something hits you. The frilled lizard barely misses you. Something hits you!
* * * LOW HITPOINT WARNING * * *
You feel less confused. You block the frilled lizard's attack.
Something hits you.
You die...

... .... #.##...#
#.#..# . ######...#
..#####........#####
...................#
.........###.....#.#
.........# #l....#
.........###@....#
....>....##......#
.........##......#
.........##<...###
.........##...##
.........##...#
.........##...#
#...# #...#


You could see a frilled lizard.

Vanquished Creatures
  5 bats (D:1)
  A giant cockroach (D:1)
  3 goblins (D:1)
  6 hobgoblins (D:1)
  4 kobolds (D:1)
  4 ball pythons (D:1)
  2 frilled lizards (D:1)
  3 rats (D:1)
28 creatures vanquished.

Notes
Turn   | Place    | Note
-------+----------+-------------------------------------------
     0 | D:1      | Gadfly the Gargoyle Fighter began the quest for the Orb.
     0 | D:1      | Reached XP level 1. HP: 14/14 MP: 1/1
    92 | D:1      | Reached XP level 2. HP: 19/19 MP: 2/2
   298 | D:1      | Reached skill level 1 in Invocations
   356 | D:1      | Reached XP level 3. HP: 23/23 MP: 3/3
   358 | D:1      | Reached skill level 1 in Evocations
   507 | D:2      | Noticed Sigmund
   526 | D:2      | Slain by Sigmund

Illustrated notes

Levels and vault maps discovered:
D:1:      nzn_arrival_settlement, layout_rooms
D:2:      layout_basic, uniq_sigmund

Skill      XL: |  1  2  3 |
---------------+----------+-----
Invocations    | 1 |  1.1
Evocations     | 1 |  1.0
Fighting       | |  3.5
Maces & Flails | |  2.3
Armour         | |  3.5
Shields        | |  3.4

Action                     || total
---------------------------++-------
  Melee: Flail             ||    75
    Use: Scroll            ||     1
 Armour: Scale mail        ||    59
  Dodge: Dodged            ||    38
  Block: Buckler           ||     8
         Kite shield       ||    41
